Map: Dusk Towers

Players

blackxored

  • Race: Zerg Zerg
  • League: Diamond

Drozhna

  • Race: Terran Terran
  • League: Platinum

VOD

Have the link to the VOD?

Description

Time

  • Played on: June 19, 2016, 3:14 p.m.
  • Length: 18:16
Show
View Real Time Build Order
Export as new Build Order

blackxored Zerg 

Build Orders: Pool First, Muta Ling Bane 

Get SALT Encoding   

  12  0:01  Drone  
  13  0:11  Drone  
  14  0:23  Overlord  
  14  0:27  Extractor  
  14  0:28  Drone  
  15  1:07  Drone  
  15  1:08  Drone x2  
  18  1:18  Spawning Pool  
  18  1:19  Drone  
  18  1:21  Extractor  
  17  1:25  Hatchery  
  17  1:29  Drone  
  17  1:40  Drone  
  18  1:52  Overlord  
  18  2:06  Drone  
  18  2:07  Queen  
  21  2:13  Hatchery  
  20  2:16  Zergling x2  
  21  2:23  Drone  
  21  2:41  Zergling x4  
  21  2:43  Queen  
  25  2:44  Queen  
  27  2:57  Zergling x6  
  30  3:07  Metabolic Boost  
  29  3:15  Drone x3  
  32  3:25  Queen  
  32  3:26  Drone x2  
  36  3:30  Overlord  
  36  3:36  Pneumatized Carapace  
  36  3:43  Drone x2  
  38  3:58  Drone x4  
  38  3:59  Drone x2  
  38  4:02  Drone  
  45  4:06  Overlord  
  45  4:10  Drone  
  45  4:13  Drone  
  45  4:14  Drone  
  48  4:22  Drone  
  49  4:24  Baneling Nest  
  49  4:29  Spore Crawler  
  47  4:39  Drone x2  
  47  4:40  Drone  
  47  4:41  Spore Crawler  
  47  4:42  Drone  
  47  4:43  Spore Crawler  
  47  4:44  Zergling x2, Spore Crawler  
  49  4:46  Zergling x2  
  49  4:52  Overlord  
  50  4:55  Overlord  
  50  4:59  Lair  
  50  5:02  Zergling x2  
  50  5:03  Zergling x2  
  52  5:10  Overlord x2  
  52  5:17  Zergling x2  
  52  5:18  Zergling x6  
  52  5:19  Zergling x2  
  57  5:30  Baneling x5  
  57  5:31  Baneling x2  
  57  5:34  Overlord  
  57  5:37  Overlord  
  57  5:44  Drone x6  
  57  5:45  Drone  
  64  5:50  Drone x3  
  64  5:51  Drone  
  68  6:11  Evolution Chamber  
  67  6:13  Drone x4, Evolution Chamber  
  67  6:17  Drone x3  
  67  6:18  Drone x5  
  77  6:19  Drone x2  
  77  6:23  Extractor  
  77  6:24  Extractor  
  78  6:26  Drone  
  78  6:27  Drone x3  
  78  6:29  Drone  
  83  6:34  Extractor  
  83  6:39  Drone x3  
  85  6:40  Extractor  
  85  6:42  Zerg Melee Weapons Level 1  
  85  6:45  Drone x3  
  87  6:50  Extractor  
  87  6:51  Queen  
  87  6:53  Overseer  
  88  6:59  Zerg Ground Armor Level 1  
  88  7:11  Drone x3  
  88  7:12  Hatchery  
  79  7:25  Hatchery  
  73  7:41  Drone x3  
  73  7:42  Drone x13  
  84  7:49  Drone  
  85  7:52  Centrifical Hooks  
  85  8:00  Drone  
  85  8:01  Drone x2  
  85  8:04  Zergling x2  
  89  8:21  Drone  
  89  8:22  Spire  
  89  8:23  Zergling x2  
  89  8:24  Overlord x5  
  90  8:33  Drone x6  
  96  8:37  Extractor  
  96  8:38  Extractor  
  96  8:40  Zergling x4  
  96  8:41  Zergling x6  
  99  8:42  Zerg Melee Weapons Level 2  
  99  8:44  Baneling  
  99  8:45  Baneling x9  
  99  8:47  Hatchery  
  98  8:51  Zergling x6  
  98  8:52  Zergling x6  
  98  8:55  Zerg Ground Armor Level 2  
  104  8:58  Queen  
  104  8:59  Drone x3  
  104  9:00  Drone  
  104  9:02  Drone x3  
  113  9:03  Zergling x2  
  113  9:04  Zergling x6  
  113  9:05  Zergling x2  
  113  9:06  Zergling x2  
  113  9:07  Zergling x2  
  120  9:18  Drone x3  
  120  9:19  Drone  
  124  9:24  Zergling x10  
  124  9:27  Zergling x6  
  131  9:32  Baneling  
  131  9:33  Baneling x5  
  131  9:34  Baneling x4  
  131  9:35  Overseer  
  131  9:39  Zerg Flyer Armor Level 1, Mutalisk x5  
  131  9:43  Overlord x2  
  121  10:00  Zergling x20  
  121  10:01  Zergling x14  
  133  10:08  Zergling x2  
  133  10:09  Zergling x10  
  133  10:14  Zergling x6  
  138  10:16  Baneling x11  
  129  10:32  Zergling x28  
  124  10:40  Zergling x4  
  116  10:49  Zergling x2  
  117  10:50  Zergling x6  
  101  10:57  Zergling x14  
  101  11:03  Queen  
  107  11:04  Queen  
  107  11:06  Zergling x24  
  119  11:12  Baneling x2  
  119  11:14  Zergling x4  
  117  11:24  Zergling x10  
  97  11:33  Zergling x8  
  97  11:34  Zergling x8  
  102  11:43  Zergling x2  
  102  11:44  Zergling x12  
  98  11:53  Zergling x8  
  98  11:59  Zergling x2  
  98  12:00  Zergling x4  
  100  12:11  Baneling x11  
  99  12:19  Zergling x22  
  110  12:22  Baneling  
  110  12:23  Baneling x4  
  84  12:44  Zergling x6  
  84  12:45  Zergling x28  
  95  12:53  Zergling x2  
  96  12:59  Zergling x2, Queen  
  96  13:00  Zergling x6  
  96  13:03  Baneling  
  96  13:04  Baneling x3  
  96  13:05  Baneling x3  
  102  13:10  Hatchery  
  91  13:13  Overseer  
  91  13:17  Zergling x10  
  91  13:18  Zergling x6  
  97  13:20  Baneling x2  
  97  13:21  Overseer  
  94  13:32  Zergling x22  
  105  13:35  Baneling x2  
  105  13:36  Baneling x6  
  105  13:38  Zergling x2  
  105  13:39  Zergling x6  
  109  13:49  Zergling x2  
  109  13:50  Zergling x14  
  117  14:00  Baneling  
  114  14:06  Zergling x6  
  114  14:07  Zergling x18  
  111  14:14  Zergling x6  
  95  14:19  Baneling x2  
  95  14:20  Baneling x10  
  95  14:21  Zergling x4  
  97  14:30  Baneling x2  
  97  14:31  Zergling x18  
  106  14:36  Infestation Pit  
  105  14:41  Zergling x10, Hatchery  
  109  14:45  Queen  
  109  14:47  Drone x2  
  109  14:48  Drone x2  
  115  14:57  Zergling x6  
  115  14:58  Zergling x8  
  115  14:59  Zergling x2  
  123  15:02  Overseer  
  86  15:44  Zergling x46  
  86  15:45  Zergling x2  
  110  15:50  Lair  
  105  16:01  Zergling x2  
  105  16:02  Zergling x8  
  84  16:11  Zergling x2  
  84  16:12  Zergling x8  
  84  16:15  Baneling x6  
  80  16:28  Zergling x28  
  77  16:37  Zergling x2  
  77  16:38  Zergling x2  
  65  16:43  Zergling x2  
  65  16:44  Zergling x4  
  66  16:49  Baneling x14  
  66  16:50  Zergling x10  
  58  17:03  Zergling x16  
  58  17:08  Baneling x7  
  63  17:09  Baneling  
  63  17:12  Drone x4  
  40  17:51  Zergling x14  
Show
View Real Time Build Order
Export as new Build Order

Drozhna Terran 

Build Orders: Reaper Expand, MMM Bio 

Get SALT Encoding   

  12  0:01  SCV  
  13  0:13  SCV  
  14  0:17  Supply Depot  
  14  0:25  SCV  
  15  0:39  SCV  
  15  0:40  Barracks  
  16  0:45  Refinery  
  16  0:51  SCV  
  17  1:03  SCV  
  18  1:15  SCV  
  19  1:28  Reaper  
  19  1:29  Orbital Command  
  20  1:44  Command Center  
  20  1:50  Supply Depot  
  20  1:57  SCV  
  21  2:03  Marine  
  22  2:10  Factory  
  22  2:14  SCV  
  23  2:24  Barracks Reactor  
  23  2:26  SCV  
  24  2:38  SCV  
  24  2:44  Refinery  
  25  2:50  SCV  
  26  2:55  Command Center  
  26  3:02  SCV  
  27  3:10  Supply Depot  
  27  3:11  Supply Depot  
  27  3:12  Marine x2  
  29  3:22  SCV, Orbital Command  
  30  3:27  Widow Mine  
  32  3:35  SCV  
  32  3:36  Marine x2  
  35  3:46  Supply Depot  
  35  3:47  SCV  
  36  3:51  SCV  
  37  3:56  Factory Tech Lab  
  37  4:05  SCV  
  37  4:06  Starport  
  37  4:07  SCV  
  37  4:08  Orbital Command  
  39  4:21  SCV x2  
  39  4:22  Marine x2  
  43  4:26  Siege Tank  
  45  4:33  SCV  
  45  4:37  Barracks  
  46  4:39  Barracks  
  46  4:40  Marine x2, SCV x2  
  46  4:45  SCV  
  51  4:46  Refinery  
  51  4:49  Starport Reactor  
  51  4:52  SCV x2  
  52  4:55  Refinery  
  52  4:57  Marine, SCV  
  52  4:58  Marine  
  56  5:04  SCV  
  56  5:05  SCV  
  56  5:06  Supply Depot  
  58  5:09  Supply Depot, Siege Tank  
  61  5:15  Marine x2  
  61  5:16  SCV  
  61  5:20  Supply Depot  
  64  5:22  SCV x2  
  64  5:23  Supply Depot  
  66  5:28  SCV  
  66  5:32  Barracks Tech Lab  
  66  5:33  Marine x2, Barracks Tech Lab  
  66  5:34  SCV  
  66  5:35  SCV  
  71  5:37  Medivac  
  71  5:38  Medivac  
  75  5:47  Orbital Command  
  75  5:51  Marine x2  
  75  5:54  Marine x2  
  78  6:07  Stimpack  
  78  6:11  Medivac x2  
  78  6:12  Bunker, Barracks  
  82  6:25  Marine x2  
  83  6:27  Marine x2  
  83  6:28  SCV x3  
  89  6:33  Combat Shields  
  89  6:39  Siege Tank  
  92  6:40  SCV x3  
  92  6:41  Barracks  
  92  6:43  Marine x2  
  92  6:45  Marine  
  98  6:52  SCV x3  
  101  6:56  Marine  
  101  7:01  Marine  
  103  7:03  Marine x2  
  103  7:04  Medivac x2, SCV x3  
  112  7:08  Marine  
  112  7:11  Siege Tank  
  112  7:14  Marine  
  117  7:22  SCV x2  
  117  7:36  Marine x4, SCV  
  111  7:40  Marine  
  111  7:41  SCV x2  
  111  7:44  Refinery  
  111  7:46  Refinery  
  111  7:48  SCV  
  112  7:53  Barracks Reactor, SCV x2  
  112  7:54  Barracks Reactor, Marine x2  
  112  7:55  Engineering Bay  
  112  7:56  Engineering Bay  
  112  7:57  Marine  
  117  8:08  Supply Depot  
  117  8:09  Supply Depot  
  117  8:11  Supply Depot  
  117  8:12  Concussive Shells  
  117  8:17  Marine x3, Medivac x2  
  117  8:18  Marine, SCV  
  126  8:32  Barracks  
  126  8:33  Barracks  
  126  8:34  Terran Infantry Weapons Level 1, Command Center  
  126  8:35  Marine x3, Terran Infantry Armor Level 1  
  126  8:36  Marine  
  126  8:39  Marine x4, Armory  
  134  8:47  Medivac x2  
  138  8:48  Supply Depot  
  138  8:52  Factory Reactor  
  138  8:53  Marine x3  
  138  8:54  Marauder  
  143  8:57  Marine x4  
  147  9:10  Ghost Academy  
  147  9:11  Marine x2  
  147  9:14  Marine  
  147  9:15  Marine x5, Command Center  
  155  9:17  Medivac x2  
  155  9:20  Marine x2  
  161  9:28  Marine x2  
  163  9:32  Marine x2  
  165  9:40  Supply Depot  
  165  9:43  Supply Depot x2, Marine x6  
  171  9:46  Marine x2  
  171  9:49  Widow Mine x2  
  171  9:50  Marine x2  
  153  10:00  Marine x4  
  153  10:01  Marine x2  
  153  10:04  Marine x2  
  153  10:06  Orbital Command  
  148  10:08  Marine x2, SCV x2  
  150  10:18  Marine x4  
  150  10:19  Marine x2  
  156  10:22  Marine x2  
  156  10:26  Marine x2  
  136  10:36  Marine x4  
  136  10:37  Marine x2  
  136  10:40  Marine x2  
  143  10:44  Marine x2  
  145  10:54  Marine x6  
  145  10:55  Orbital Command  
  143  10:58  Marine x2  
  143  11:01  Marine  
  143  11:02  Marine  
  147  11:05  Widow Mine x2  
  151  11:12  Refinery, Marine x6  
  151  11:14  Refinery  
  151  11:15  Marine x2  
  159  11:19  Marine x2  
  157  11:30  Marine x6  
  156  11:33  Marine x2, Widow Mine x2  
  156  11:37  Marine x2  
  153  11:47  Marine x4  
  153  11:48  Marine x2  
  153  11:51  Marine x2  
  156  11:55  Marine x2  
  154  12:02  Widow Mine x2, SCV  
  154  12:05  Marine x4  
  154  12:06  Marine x2  
  159  12:09  Marine x2  
  159  12:11  SCV  
  159  12:13  Marine x2  
  164  12:23  Marine x5  
  164  12:24  Marine  
  164  12:27  Marine x2  
  172  12:30  Marine, Widow Mine  
  172  12:31  Marine  
  168  12:41  Marine x6  
  157  12:44  Marine x2  
  157  12:48  Marine x2  
  137  12:59  Marine x6  
  137  13:00  Terran Infantry Armor Level 2, Terran Infantry Weapons Level 2  
  137  13:01  Medivac x2  
  137  13:02  Marine x2, Widow Mine x2  
  153  13:06  Marine x2  
  155  13:16  Marine x4  
  155  13:17  Marine x2  
  161  13:20  Marine x2  
  161  13:24  Marine x2  
  164  13:30  Widow Mine x2  
  166  13:34  Marine x4  
  166  13:35  Marine x2  
  166  13:38  Marine x2  
  174  13:42  Marine x2  
  172  13:52  Marine x5  
  172  13:53  Marine  
  178  13:56  Marine x2  
  178  13:59  Marine  
  178  14:00  Marine  
  176  14:09  Liberator x2  
  145  14:10  Marine x6  
  145  14:13  Marine x2  
  141  14:17  Marine x2  
  143  14:28  Marine x6  
  153  14:31  Marine x2  
  153  14:35  Marine x2  
  157  14:45  Marine x4  
  157  14:46  Marine x2, Barracks  
  157  14:48  Barracks  
  157  14:49  Refinery, Marine x2  
  157  14:51  Refinery  
  165  14:53  Marine x2  
  167  15:00  Command Center  
  167  15:03  Marine x4, SCV  
  167  15:04  Marine x2  
  174  15:07  Marine x2  
  174  15:11  Marine x2  
  178  15:21  Marine x4  
  178  15:22  Marine x2  
  178  15:25  Marine x2  
  186  15:29  Marine x2  
  184  15:39  Marine x6  
  166  15:43  Marine x2  
  166  15:46  Marine  
  166  15:47  Marine  
  160  15:57  Marine x6  
  160  16:00  Marine x2  
  159  16:04  Marine x2  
  153  16:15  Marine x6  
  152  16:18  Marine x2  
  152  16:22  Marine x2  
  156  16:31  Widow Mine, Orbital Command  
  156  16:32  Marine x4, Widow Mine  
  159  16:33  Marine x2  
  159  16:36  Marine x2  
  167  16:40  Marine x2  
  169  16:50  Marine x4  
  169  16:51  Marine x2  
  169  16:54  Marine x2  
  168  16:55  Planetary Fortress, Liberator  
  168  16:56  Liberator  
  168  16:57  SCV x3  
  168  16:58  Marine x2  
  168  17:00  Widow Mine  
  171  17:08  Marine x5  
  170  17:09  Marine  
  170  17:12  Marine x2  
  184  17:15  Marine  
  184  17:16  Marine  
  186  17:26  Marine x6  
  186  17:29  Marine x2  
  188  17:33  Marine x2  
  176  17:44  Marine x6  
  156  17:47  Marine x2  
  157  17:51  Marine x2  
  147  18:03  Barracks Reactor x2  
Tags
 
Add a new tag
Caveats
  • Supply blocks, unpowered buildings, or Contaminate may cause inaccurate times.
  • Supply counts are checked every 10 seconds.